 Dungeon Crawl Stone Soup version 0.30-a0-639-g3916f1956a (console) character file.

Game seed: 16314552542787355070

228999 jejorda2 the Phalangite (level 19, -9/255 HPs)
             Began as a Merfolk Berserker on Jan 15, 2023.
             Was the Champion of Trog.
             Mangled by an air elemental (10 damage)
             ... on level 4 of the Shoals.
             The game lasted 02:02:11 (31166 turns).

jejorda2 the Phalangite (Merfolk Berserker)        Turns: 31166, Time: 02:02:12

Health: -9/255     AC: 28    Str: 35    XL:     19   Next: 43%
Magic:  5/19       EV: 14    Int:  8    God:    Trog [******]
Gold:   2764       SH:  0    Dex: 10    Spells: 18/18 levels left

rFire   + . .      SeeInvis +    a - +3 bardiche (spect)
rCold   + + .      Faith    .    (shield currently unavailable)
rNeg    . . .      Spirit   .    K - +1 crystal plate armour {rC+}
rPois   .          Reflect  .    i - +2 hood of the Assassin {Detect Stab+ Stlth++}
rElec   +          Harm     .    E - +0 cloak of Disaster {rElec Str+4 SInv}
rCorr   .          Rampage  .    m - +3 Mad Mage's Maulers {Infuse+∞ VampMP -Cast}
Will    +....      NoCast   +    (boots currently unavailable) Stlth
                                 r - amulet of regeneration
HPRegen 1.42/turn                P - ring "Ript" {+Blink rC+ Str+6 Dex-4}
MPRegen 0.16/turn                F - ring "Wuibbok" {rF+ Int+2}

@: berserking, lethally poisoned (-9 -> -10), mesmerised, studying Unarmed
Combat, very quick
A: nimble swimmer 2, mertail, deterioration 1
}: 1/15 runes: gossamer
a: Renounce Religion, Evoke Blink, Berserk, Trog's Hand, Brothers in Arms


You were on level 4 of the Shoals.
You worshipped Trog.
Trog was exalted by your worship.
You visited 5 branches of the dungeon, and saw 30 of its levels.
You visited the Abyss 1 time.
You also visited: Bailey, Gauntlet, Ice Cave and Volcano.

You collected 3968 gold pieces.
You spent 1204 gold pieces at shops.

Inventory:

Hand Weapons
 a - a +3 spectral bardiche (weapon)
 b - a +3 glaive of flaming
 W - a +3 antimagic glaive
Missiles
 d - 176 stones
 e - 18 javelins
 g - 5 throwing nets
 l - 74 poisoned darts
 A - 11 boomerangs of dispersal
 C - 8 curare-tipped darts
 H - 8 silver javelins
 N - 42 boomerangs (quivered)
Armour
 i - the +2 hood of the Assassin (worn) {Detect Stab+ Stlth++}
   (You found it on level 3 of the Shoals)

   Detect:    It allows the wearer to sense nearby creatures.
   Stab+:     It allows the wearer to make particularly effective stabbing
   attacks against helpless or unaware enemies with any weapon.
   Stlth:     It makes you much more stealthy.
 m - the +3 Mad Mage's Maulers (worn) {Infuse+∞ VampMP -Cast}
   (You found it on level 4 of the Spider Nest)

   Infuse+∞: It empowers its wearer's blows with all of their magic.
   VampMP:    Blows struck in melee replenish the wearer's magic.
   -Cast:     It prevents spellcasting.
 E - the +0 cloak of Disaster (worn) {rElec Str+4 SInv}
   (You found it in a bailey)

   Str:       It affects your strength (+4).
   rElec:     It insulates you from electricity.
   SInv:      It lets you see invisible.
 K - a +1 crystal plate armour of cold resistance (worn)
 T - the +1 pair of boots of Eternity (melded) {rPois}
   (You acquired it on level 2 of the Orcish Mines)

   rPois:     It protects you from poison.
Jewellery
 r - an amulet of regeneration (around neck)
 F - the ring "Wuibbok" (right hand) {rF+ Int+2}
   (You found it on level 9 of the Dungeon)

   [ring of protection from fire]

   Int:       It affects your intelligence (+2).
   rF:        It protects you from fire.
 P - the ring "Ript" (left hand) {+Blink rC+ Str+6 Dex-4}
   (You found it on level 11 of the Dungeon)

   [ring of strength]

   Str:       It affects your strength (+6).
   Dex:       It affects your dexterity (-4).
   rC:        It protects you from cold.
   +Blink:    It lets you blink.
Wands
 f - a wand of flame (59)
 v - a wand of charming (14)
 w - a wand of roots (35)
 x - a wand of light (23)
 y - a wand of digging (4)
 J - a wand of polymorph (16)
 L - a wand of mindburst (22)
Scrolls
 c - 5 scrolls of summoning
 j - 5 scrolls of fog
 n - 5 scrolls of fear
 s - 6 scrolls of poison
 B - 6 scrolls of teleportation
 V - 2 scrolls of magic mapping
 Y - 3 scrolls of blinking
 Z - 2 scrolls of silence
Potions
 k - 5 potions of attraction
 o - 11 potions of flight
 p - 4 potions of haste
 q - 9 potions of heal wounds
 t - 15 potions of ambrosia
 z - 11 potions of invisibility
 G - 11 potions of curing
 M - 4 potions of resistance
 Q - 6 potions of cancellation
 R - 2 potions of might
 S - 6 potions of mutation
Miscellaneous
 h - a phial of floods
 u - a tin of tremorstones (2/2)


   Skills:
 + Level 20.7 Fighting
 - Level 24.0 Polearms
 - Level 16.0 Throwing
 * Level 8.8 Armour
 + Level 17.4 Dodging
 - Level 4.0 Stealth
 - Level 6.0 Evocations


You had 18 spell levels left.
You didn't know any spells.
Your spell library was empty.

Dungeon Overview and Level Annotations

Branches:
Dungeon (15/15)            Temple (0/1) D:5            Lair (5/5) D:9
 Shoals (4/4) Lair:2       Spider (4/4) Lair:3        Slime (0/5) Lair:5
    Orc (2/2) D:12            Elf (0/3) Orc:2        Vaults (0/5) D:13
 Depths (0/4) D:15         Bailey (visited)           IceCv (visited)
Volcano (visited)         Gauntlet (visited)

Altars:
Ashenzari
Fedhas
Gozag
Hepliaklqana
Makhleb
Okawaru
Qazlal
Sif Muna
Trog
Uskayaw
Vehumet
Wu Jian
Xom
Yredelemnul
Zin
Jiyva

Shops:
D:11 !   D:15 (   Orc:2 ??!*   Shoals:2 ?(=*

Annotations:
D:8 3 runed translucent doors, Cancer's ghost, novice DsCj; DeadOnArrival's ghost, journeyman MiGl; Nabski's ghost, novice HOFi; bande's ghost, novice GrFi


Innate Abilities, Weirdness & Mutations

You are very nimble when in or above water. (Stealth+, EV+, Speed+++)
Your lower body shifts to a powerful aquatic tail in water.
Your body sometimes deteriorates upon taking damage.


Message History

Your +3 spectral bardiche hits the merfolk from afar!!
You feel the power of Trog in you as your rage grows.
You kill the merfolk!
Trog accepts your kill.
You hear a splash. x4
The water engulfing you falls away.
The merfolk avatar chants its luring song.
You carve the manticore like a ham!!!
The manticore is severely wounded.
Your +3 spectral bardiche hits the manticore!
You kill the manticore!
Trog accepts your kill.
You feel sick.
An air elemental comes into view.
You miss the air elemental.
Your +3 spectral bardiche hits the air elemental from afar!
The air elemental fires a burst of electricity at you.
The stunning burst hits you but does no damage.
You suddenly lose the ability to move!
An air elemental comes into view.
You feel sick. The air elemental hits you.
* * * LOW HITPOINT WARNING * * *
An air elemental comes into view.
The air elemental hits you.
* * * LOW HITPOINT WARNING * * *
The water elemental hits you.
The merfolk avatar chants its luring song.
You hear a shout!
You can move again.
You cannot move away from the merfolk avatar!
You chop the water elemental into pieces!!!
The water elemental is almost destroyed.
Your +3 spectral bardiche hits the water elemental from afar.
You destroy the water elemental!
Trog accepts your kill. The air elemental misses you.
The air elemental hits you.
* * * LOW HITPOINT WARNING * * *
A merfolk siren comes into view. It is wielding a +1 vampiric trident.
The air elemental hits you!
You die...

#.
#####≈≈##...~~~~~...~~~~~~...
# ≈≈≈##.....#.~~~~~~#......
≈≈≈##8..................8
###############..#########
##..................
#§§#################
#~##..............
#~~~§~(~~~~)~~~~~~
#)~~E@############ #...E##
#...~≈. #~#.m≈.. #~~.~#.{#
#mE~~#..≈≈ .~#~~~~~≈≈ m.~#~~


You could see a merfolk avatar (mesmerising), a merfolk javelineer, a merfolk
siren, 3 air elementals and a friendly +3 spectral bardiche (summoned).

Vanquished Creatures
  Mara (Spider:4)
  Arachne (Spider:3)
  Mlioglotl (Spider:3)
  A tentacled starspawn (Abyss:3)
  Kirke (D:12)
  Roxanne (Spider:4)
  Ilsuiw (Shoals:3)
  Donald (Shoals:3)
  2 emperor scorpions (Spider:4)
  3 ghost moths (Spider:4)
  An orc warlord (Orc:1)
  3 broodmothers
  The ghost of Ullur the Severer, a journeyman DsGl of Wu Jian (D:13)
  4 very ugly things (Abyss:3)
  3 reapers (IceCv)
  The ghost of Nezimene the Cleaver, a journeyman FoFi of Okawaru (D:14)
  2 minotaurs
  The ghost of Mitcholas the Markself, a journeyman DEHu of Okawaru (Spider:1)
  A spark wasp (Spider:3)
  4 merfolk javelineers
  A fire dragon (Volcano)
  2 yaktaur captains
  3 merfolk impalers
  An ettin (D:14)
  An entropy weaver (Spider:4)
  Josephine (D:11)
  6 hydras
  5 vault guards (D:13)
  7 caustic shrike simulacra (IceCv)
  4 centaur warriors
  3 jorogumos
  An alligator snapping turtle (Shoals:3)
  3 merfolk aquamancers
  A satyr (Shoals:3)
  Erica (D:11)
  8 catoblepae
  4 radroaches
  11 two-headed ogres
  2 boulder beetles
  3 merfolk avatars
  3 tengu warriors (D:14)
  12 death yaks
  A dancing weapon (D:13)
  6 orc high priests
  2 deep elf knights (D:13)
  2 wretched stars (Abyss:2)
  5 pharaoh ants
  A sun moth (Spider:2)
  2 lindwurms
  A deep troll (D:14)
  7 sea snakes
  12 orb spiders
  4 bog bodies (IceCv)
  2 wizards
  2 necromancers
  15 harpies
  7 orc knights
  Pikel (D:4)
  2 obsidian statues (IceCv)
  A deep elf pyromancer (D:13)
  The ghost of sirJeffrey23 the Trooper, a novice DsFi (D:7)
  7 steelbarb worms
  4 orc sorcerers
  3 moths of wrath
  18 wolf spiders
  9 fauns
  3 salamanders (Volcano)
  3 cyclopes
  16 manticores
  6 ugly things
  10 merfolk sirens
  A centaur zombie (D:15)
  2 black mambas (Lair:5)
  A guardian serpent (D:11)
  A smoke demon (Abyss:2)
  3 torpor snails
  7 water nymphs
  An ice statue (Shoals:2)
  An apocalypse crab (Abyss:2)
  3 naga magi (D:15)
  5 demonic crawlers
  A gargoyle (D:12)
  11 cane toads
  A cane toad (shapeshifter) (D:15)
  A minotaur zombie (Gauntlet)
  2 unseen horrors (D:11)
  6 rime drakes
  13 komodo dragons
  Maggie (D:6)
  3 yaktaurs (D:15)
  3 freezing wraiths (IceCv)
  3 ancient zymes
  4 efreet
  A queen bee (Lair:1)
  3 golden dragon simulacra (IceCv)
  A queen bee (shapeshifter) (D:14)
  An ice devil (IceCv)
  2 polar bears
  4 meliai
  18 tarantellas
  Prince Ribbit (D:5)
  4 trolls
  22 merfolk
  3 raiju (Abyss:2)
  3 wind drakes
  3 dream sheep (Shoals:1)
  2 large abominations (Abyss:2)
  6 snapping turtles (Shoals:1)
  9 slime creatures
  11 blink frogs
  A ynoxinul (Abyss:2)
  18 water elementals
  34 jumping spiders
  16 culicivoras
  2 culicivoras (shapeshifter)
  5 wraiths
  2 centaur simulacra (D:15)
  6 wyverns
  6 fire bats (Volcano)
  7 starcursed masses
  90 yaks
  3 hogs (D:12)
  A human (D:13)
  2 small abominations (Shoals:4)
  A neqoxec (Abyss:2)
  10 steam dragons
  3 basilisks
  A chaos spawn (Abyss:2)
  61 redbacks
  A minotaur simulacrum (IceCv)
  11 vampire mosquitoes
  Menkaure (D:4)
  14 wargs
  2 hydra simulacra (IceCv)
  3 acid dragons
  15 water moccasins
  29 orc warriors
  A floating eye (shapeshifter) (Abyss:2)
  2 black bears
  A meliai simulacrum (D:15)
  6 ice beasts (D:9)
  4 ogres
  8 sky beasts
  22 wolves
  11 centaurs
  4 kobold brigands
  12 bullfrogs
  3 necrophages
  4 gnoll sergeants
  2 scorpions
  9 wights
  33 killer bees
  A lindwurm simulacrum (IceCv)
  6 electric eels
  10 howler monkeys
  A crimson imp (D:5)
  8 jellies (D:6)
  A lava snake (D:10)
  4 hounds
  33 orc priests
  2 gnoll boudas (D:6)
  2 iguanas
  Ijyb (D:4)
  Terence (D:3)
  15 orc wizards
  Natasha (thrice) (D:4)
  A boggart skeleton (D:15)
  27 gnolls
  8 adders
  4 shadow imps
  2 white imps
  3 ufetubi
  3 worms
  A dart slug (D:2)
  92 orcs
  4 ball pythons
  5 bats
  17 endoplasms
  5 giant cockroaches
  5 hobgoblins
  8 jackals
  43 kobolds
  3 quokkas
  9 frilled lizards
  13 goblins
  7 rats
  A lurking horror (Abyss:2)
  2 plants (Shoals:1)
  A starspawn tentacle (Abyss:3)
1257 creatures vanquished.

Vanquished Creatures (collateral kills)
  Nessos (Lair:5)
  3 death yaks (Lair:3)
  An orb spider (Spider:3)
  An ugly thing (D:12)
  A komodo dragon (Lair:3)
  A troll (shapeshifter) (D:12)
  A jumping spider (Spider:3)
  A yak (Lair:3)
10 creatures vanquished.

Vanquished Creatures (others)
  A wolf spider (Spider:4)
  2 humans (D:12)
  A howler monkey (D:12)
  A demonic plant (Abyss:2)
  9 fungi
  165 plants
  A starspawn tentacle (Abyss:3)
  12 toadstools (Lair:2)
  3 withered plants
195 creatures vanquished.

Grand Total: 1462 creatures vanquished

Notes
Turn   | Place    | Note
-------+----------+-------------------------------------------
     0 | D:1      | jejorda2 the Merfolk Berserker began the quest for the Orb.
     0 | D:1      | Reached XP level 1. HP: 18/18 MP: 1/1
   119 | D:1      | Reached XP level 2. HP: 24/24 MP: 2/2
   428 | D:1      | Reached XP level 3. HP: 30/30 MP: 3/3
   452 | D:1      | Reached ** piety under Trog
   928 | D:2      | Reached XP level 4. HP: 37/37 MP: 4/4
  1203 | D:2      | Reached skill level 5 in Polearms
  1595 | D:3      | Reached XP level 5. HP: 40/43 MP: 5/5
  1644 | D:3      | Noticed Terence
  1648 | D:3      | Found an ornate altar of the Wu Jian Council.
  1657 | D:3      | Killed Terence
  2211 | D:4      | Noticed Menkaure
  2218 | D:4      | Killed Menkaure
  2219 | D:4      | Reached skill level 5 in Fighting
  2219 | D:4      | Reached skill level 6 in Polearms
  2219 | D:4      | Reached skill level 5 in Dodging
  2219 | D:4      | Reached XP level 6. HP: 51/51 MP: 6/6
  2314 | D:4      | Found a radiant altar of Vehumet.
  2315 | D:4      | Found a stormy altar of Qazlal.
  2597 | D:4      | Noticed Pikel
  2611 | D:4      | Killed Pikel
  2612 | D:4      | Reached skill level 9 in Polearms
  2612 | D:4      | Reached XP level 7. HP: 58/58 MP: 7/7
  2705 | D:4      | Noticed Natasha
  2718 | D:4      | Killed Natasha
  2719 | D:4      | Reached XP level 8. HP: 55/64 MP: 8/8
  2743 | D:4      | Noticed Natasha
  2749 | D:4      | Killed Natasha
  2749 | D:4      | Noticed Natasha
  2760 | D:4      | Killed Natasha
  2787 | D:4      | Noticed Ijyb
  2803 | D:4      | Killed Ijyb
  3209 | D:5      | Entered Level 5 of the Dungeon
  3323 | D:5      | Reached skill level 10 in Polearms
  3490 | D:5      | Found a staircase to the Ecumenical Temple.
  3589 | D:5      | Reached *** piety under Trog
  3627 | D:5      | Noticed Prince Ribbit
  3645 | D:5      | Killed Prince Ribbit
  3646 | D:5      | Reached skill level 11 in Polearms
  3758 | D:5      | Found a burning altar of Makhleb.
  4113 | D:6      | Identified a scroll of acquirement
  4113 | D:6      | Acquired a manual of Fighting
  4228 | D:6      | Noticed Maggie
  4241 | D:6      | Killed Maggie
  4242 | D:6      | Reached XP level 9. HP: 71/71 MP: 9/9
  4358 | D:6      | Reached skill level 12 in Polearms
  4720 | D:6      | Reached **** piety under Trog
  4931 | D:6      | Reached skill level 13 in Polearms
  5099 | D:7      | Reached XP level 10. HP: 82/82 MP: 10/10
  5123 | D:7      | Found a glowing silver altar of Zin.
  5140 | D:7      | Found a runed translucent door.
  5140 | D:7      | Noticed sirJeffrey23's ghost (novice DsFi)
  5202 | D:7      | Killed sirJeffrey23's ghost
  5203 | D:7      | Reached skill level 14 in Polearms
  5447 | D:7      | Reached skill level 10 in Fighting
  5447 | D:7      | Reached skill level 5 in Armour
  5854 | D:7      | Found a hide-covered altar of Uskayaw.
  5897 | D:8      | Found a runed translucent gate.
  5897 | D:8      | Found a runed translucent gate.
  5897 | D:8      | Found a runed translucent gate.
  5904 | D:8      | Noticed Cancer's ghost (novice DsCj)
  5904 | D:8      | Noticed bande's ghost (novice GrFi)
  5905 | D:8      | Noticed DeadOnArrival's ghost (journeyman MiGl)
  5905 | D:8      | Noticed Nabski's ghost (novice HOFi)
  5982 | D:8      | Reached skill level 15 in Polearms
  6000 | D:8      | Found a flagged portal.
  6017 | Bailey   | Entered a bailey
  6092 | Bailey   | Reached ***** piety under Trog
  6099 | Bailey   | Noticed an orc knight
  6118 | Bailey   | Killed an orc knight
  6173 | Bailey   | Identified the +0 cloak of Disaster {rElec Str+4 SInv}
  6254 | Bailey   | Reached XP level 11. HP: 93/93 MP: 11/11
  6566 | D:8      | Reached skill level 16 in Polearms
  6830 | D:9      | Reached skill level 1 in Throwing
  6837 | D:9      | Found a staircase to the Lair.
  6880 | D:9      | Identified the ring "Wuibbok" {rF+ Int+2}
  7251 | D:9      | Received a gift from Trog
  7271 | D:9      | Found an opulent altar of Gozag.
  7366 | D:9      | Found a hazy altar of Hepliaklqana.
  7366 | D:9      | Found a broken altar of Ashenzari.
  7366 | D:9      | Found a basalt altar of Yredelemnul.
  7366 | D:9      | Found a blossoming altar of Fedhas.
  7373 | D:9      | Found a shimmering blue altar of Sif Muna.
  7379 | D:9      | Found an iron altar of Okawaru.
  7510 | D:10     | Entered Level 10 of the Dungeon
  7692 | D:10     | Noticed a two-headed ogre
  7695 | D:10     | Killed a two-headed ogre
  7696 | D:10     | Reached skill level 17 in Polearms
  7924 | D:10     | Noticed a two-headed ogre
  7931 | D:10     | Killed a two-headed ogre
  8133 | D:10     | Reached XP level 12. HP: 103/103 MP: 12/12
  8146 | D:10     | Reached skill level 18 in Polearms
  8319 | D:11     | Identified the ring "Ript" {+Blink rC+ Str+6 Dex-4}
  8378 | D:11     | Noticed Josephine
  8382 | D:11     | Noticed a two-headed ogre
  8386 | D:11     | Killed Josephine
  8395 | D:11     | Killed a two-headed ogre
  8396 | D:11     | Reached skill level 5 in Throwing
  8451 | D:11     | Found Ilool's Distillery.
  8566 | D:11     | Bought 2 potions of cancellation for 256 gold pieces
  8566 | D:11     | Bought a potion of might for 64 gold pieces
  8735 | D:11     | Noticed a two-headed ogre
  8737 | D:11     | Reached skill level 19 in Polearms
  8742 | D:11     | Noticed Erica
  8750 | D:11     | Killed a two-headed ogre
  8757 | D:11     | Killed Erica
  8928 | D:12     | Found a staircase to the Orcish Mines.
  8928 | D:12     | Noticed a two-headed ogre
  8948 | D:12     | Killed a two-headed ogre
  8984 | D:12     | Noticed Kirke
  8990 | D:12     | Identified the +9 battleaxe "Owuuq" {heavy, rPois Dex+2}
                  | (Trog gifted it to you on level 12 of the Dungeon)
  8990 | D:12     | Received a gift from Trog
  8999 | D:12     | Killed Kirke
  9000 | D:12     | Reached skill level 20 in Polearms
  9007 | D:12     | Reached XP level 13. HP: 113/113 MP: 13/13
  9216 | D:12     | Noticed a yaktaur captain
  9225 | D:12     | Killed a yaktaur captain
 10017 | Lair:1   | Entered Level 1 of the Lair of Beasts
 10043 | Lair:1   | Found a gate leading to a gauntlet.
 10058 | Gauntlet | Entered a Gauntlet
 10058 | Gauntlet | Found a transporter.
 10058 | Gauntlet | Found a transporter.
 10058 | Gauntlet | Found a runed translucent gate.
 10058 | Gauntlet | Found a runed translucent gate.
 10058 | Gauntlet | Found a runed translucent gate.
 10069 | Gauntlet | Found a transporter.
 10073 | Gauntlet | Found a transporter.
 10081 | Gauntlet | Found a transporter.
 10085 | Gauntlet | Found a transporter.
 10093 | Gauntlet | Found a transporter.
 10113 | Gauntlet | Found a transporter.
 10130 | Gauntlet | Found a transporter.
 10134 | Gauntlet | Found a transporter.
 10142 | Gauntlet | Found a transporter.
 10146 | Gauntlet | Found a transporter.
 10266 | Gauntlet | Reached skill level 21 in Polearms
 10317 | Gauntlet | Identified the ring of the Shimmering Gods {Fire rPois rN+}
 10362 | Gauntlet | Identified the +5 morningstar of Visooll {antimagic, rC+
                  | Str+5}
 10362 | Gauntlet | Noticed a minotaur
 10366 | Gauntlet | Killed a minotaur
 11409 | Lair:2   | Reached skill level 22 in Polearms
 11424 | Lair:2   | Found a staircase to the Shoals.
 11462 | Lair:2   | Found a dark tunnel.
 11501 | Volcano  | Entered a volcano
 11511 | Volcano  | Reached skill level 15 in Fighting
 11536 | Volcano  | Reached XP level 14. HP: 112/123 MP: 14/14
 11544 | Volcano  | Received a gift from Trog
 11706 | Volcano  | Reached skill level 10 in Throwing
 12163 | Lair:2   | Reached skill level 1 in Evocations
 12205 | Lair:2   | Found a runed translucent door.
 12669 | Lair:3   | Identified the +8 ring mail of Freedom {+Blink}
 12786 | Lair:3   | HP: 6/125 [death yak (9)]
 12790 | Lair:3   | Reached skill level 23 in Polearms
 12923 | Lair:3   | Found a hole to the Spider Nest.
 13055 | Lair:3   | Found a runed translucent door.
 13988 | Lair:4   | Reached XP level 15. HP: 131/131 MP: 15/15
 14150 | Lair:5   | Entered Level 5 of the Lair of Beasts
 14153 | Lair:5   | Noticed Nessos
 14165 | Lair:5   | Reached skill level 5 in Evocations
 14352 | Lair:5   | Killed Nessos
 14485 | Lair:5   | Received a gift from Trog
 14602 | Lair:5   | Reached skill level 24 in Polearms
 14885 | Lair:5   | Found a viscous altar of Jiyva.
 14885 | Lair:5   | Found a staircase to the Slime Pits.
 15798 | D:13     | Reached skill level 10 in Dodging
 15865 | D:13     | Found a gate to the Vaults.
 16325 | D:13     | Found a runed translucent door.
 16325 | D:13     | Found a shimmering altar of Xom.
 16325 | D:13     | Noticed Ullur's ghost (journeyman DsGl)
 16335 | D:13     | Killed Ullur's ghost
 16734 | D:14     | Reached XP level 16. HP: 138/138 MP: 16/16
 16913 | D:14     | Found a transporter.
 16915 | D:14     | Found a transporter.
 16924 | D:14     | Found a bloodstained altar of Trog.
 16963 | D:14     | Noticed Nezimene's ghost (journeyman FoFi)
 17284 | D:14     | Killed Nezimene's ghost
 17482 | D:15     | Entered Level 15 of the Dungeon
 17724 | D:15     | Identified the ring "Forget-Me-Not" {Will+ rCorr Int+3}
 17888 | D:15     | Found Igudueni's Weapon Emporium.
 17983 | D:15     | Reached ****** piety under Trog
 18028 | D:15     | Found a staircase to the Depths.
 18310 | D:15     | Found a stormy altar of Qazlal.
 18413 | Orc:1    | Entered Level 1 of the Orcish Mines
 18953 | Orc:2    | Entered Level 2 of the Orcish Mines
 19045 | Orc:2    | Received a gift from Trog
 19341 | Orc:2    | Found Cirhunof's Distillery.
 19341 | Orc:2    | Found Janloqeb's General Store.
 19544 | Orc:2    | Found a staircase to the Elven Halls.
 19589 | Orc:2    | Received a gift from Trog
 19629 | Orc:2    | Found Vicruz's Magic Scroll Emporium.
 19629 | Orc:2    | Found Kaacy's Magic Scroll Shop.
 19634 | Orc:2    | Bought a scroll of acquirement for 884 gold pieces
 19634 | Orc:2    | Acquired the +1 pair of boots of Eternity {rPois}
 20236 | Spider:1 | Entered Level 1 of the Spider Nest
 20595 | Spider:1 | Found a large runed translucent door.
 20595 | Spider:1 | Found a large runed translucent door.
 20646 | Spider:1 | Noticed Mitcholas's ghost (journeyman DEHu)
 20724 | Spider:1 | Reached XP level 17. HP: 107/153 MP: 17/17
 20965 | Spider:1 | Killed Mitcholas's ghost
 22404 | Spider:3 | Received a gift from Trog
 22460 | Spider:3 | Noticed Mlioglotl
 22467 | Spider:3 | Killed Mlioglotl
 22582 | Spider:3 | Noticed Arachne
 22604 | Spider:3 | Killed Arachne
 22925 | Spider:4 | Entered Level 4 of the Spider Nest
 22931 | Spider:4 | Identified Roxanne's Compilation of Teratogeny
 22931 | Spider:4 | Noticed Roxanne
 22947 | Spider:4 | Killed Roxanne
 23046 | Spider:4 | Noticed Mara
 23051 | Spider:4 | Killed Mara
 23052 | Spider:4 | Reached skill level 15 in Dodging
 23487 | Spider:4 | Reached XP level 18. HP: 130/162 MP: 0/18
 23488 | Spider:4 | Received a gift from Trog
 23757 | Spider:4 | Reached skill level 15 in Throwing
 23776 | Spider:4 | Found the +3 Mad Mage's Maulers {Infuse+∞ VampMP -Cast}
 23821 | Spider:4 | Got a gossamer rune of Zot
 24001 | Shoals:1 | Entered Level 1 of the Shoals
 25524 | Shoals:1 | Received a gift from Trog
 25716 | Shoals:2 | Found Uranuef's Magic Scroll Emporium.
 25747 | Shoals:2 | Found Tonlay's Weapon Boutique.
 25784 | Shoals:2 | Found a frozen archway.
 25814 | IceCv    | Entered an ice cave
 27291 | IceCv    | Identified the +4 glaive of Saoqesta {heavy, rPois rN++
                  | Int-3 Stlth-} (Trog gifted it to you in an ice cave)
 27291 | IceCv    | Received a gift from Trog
 27930 | Shoals:2 | Found Waept's Jewellery Shop.
 28336 | Shoals:2 | Found Dedeaxzi's Assorted Antiques.
 28493 | Shoals:3 | Noticed Donald
 28499 | Shoals:3 | Killed Donald
 28782 | Shoals:3 | Noticed Ilsuiw
 28793 | Shoals:3 | Killed Ilsuiw
 29138 | Shoals:3 | Reached XP level 19. HP: 160/170 MP: 2/19
 29979 | Shoals:3 | Found the +2 hood of the Assassin {Detect Stab+ Stlth++}
 30245 | Shoals:4 | Entered Level 4 of the Shoals
 30376 | Shoals:4 | Reached skill level 1 in Stealth
 30421 | Abyss:2  | Cast into level 2 of the Abyss (merfolk impaler)
 30504 | Abyss:2  | Received a gift from Trog
 30736 | Abyss:2  | Found a corrupted altar of Lugonu.
 30748 | Abyss:2  | Gained mutation: Your body sometimes deteriorates upon
                  | taking damage. [a neqoxec]
 30804 | Abyss:3  | Found a corrupted altar of Lugonu.
 30840 | Abyss:3  | Found a candlelit altar of Ignis.
 30888 | Shoals:4 | Escaped the Abyss
 31156 | Shoals:4 | Identified the +4 shortbow of Harmony {flame, rElec rPois
                  | rN+ Int-3}
 31161 | Shoals:4 | HP: 11/255 [manticore (9)]
 31164 | Shoals:4 | Paralysed by an air elemental for 1 turns
 31166 | Shoals:4 | HP: 1/255 [air elemental (5)]
 31166 | Shoals:4 | Mangled by an air elemental

Illustrated notes

Levels and vault maps discovered:
D:1:      dpeg_arrival_shrine, layout_basic
D:2:      layout_basic
D:3:      layout_basic, nicolae_wu_jian_wuxing_cycle, nrook_loot_triangle,
          moated_statue, minmay_misc_feat_iff, uniq_terence
D:4:      layout_loops_ring, nicolae_overflow_two_pavilions, kennysheep_boxes,
          uniq_pikel, uniq_menkaure, uniq_ijyb, uniq_natasha
D:5:      layout_basic, makhleb_grotto_becter, minmay_temple_entry_grid,
          uniq_prince_ribbit1
D:6:      lemuel_slime, layout_basic, minivault_5, uniq_maggie
D:7:      layout_cave_pools, zin_academy,
          nicolae_uskayaw_murder_on_the_dancefloor,
          hellmonk_ghost_happy_afterlife, hangedman_misty_isle
D:8:      layout_rooms, gammafunk_ghost_cemetery, enter_bailey_7
D:9:      layout_small_grid, grunt_gozag_breadcrumbs,
          minmay_overflow_temple_hex, hellmonk_lair_entry_icy
D:10:     layout_gridville, kennysheep_donut
D:11:     layout_basic, serial_shops,
          nicolae_shop_temple_entry_statues_fountains,
          nrook_guardian_serpent_ordinary, uniq_josephine, uniq_erica
D:12:     minmay_textured_paths, layout_basic, minmay_orc_entry_guard_dogs,
          uniq_kirke
D:13:     layout_loops_ring, grunt_vaults_entry_fortified, ebering_ghost_xom,
          nrook_campfire
D:14:     layout_basic, gammafunk_ghost_wrathful_warriors
D:15:     grunt_enter_depths_magical_seal, layout_loops_ring, serial_shops,
          nicolae_inconvenience_store, nicolae_qazlal_style_of_elements
Lair:1:   layout_long_grid, gauntlet_entry_generic, special_room
          [special_room_bee], dreamdust_deal_with_the_devil
Lair:2:   gammafunk_lair_enchanted_lake, layout_misc_corridors,
          shoals_dummy_entry, nicolae_volcano_entry_vermiform,
          chequers_serial_rivers_micro_c, serial_bayou_shore_b,
          grunt_megastairs_3, infiniplex_staircase_pool_2
Lair:3:   dreamdust_labyrinth, layout_gridlike, spider_nest_entry_web_field
Lair:4:   layout_regular_city
Lair:5:   evilmike_catoblepas_cave, layout_gridlike, slime_entry_1, uniq_nessos
Shoals:1: layout_shoals
Shoals:2: layout_shoals, portal_ice_cave_entry_ice_statue_one, serial_shops,
          shop, shop, shop, nicolae_take_the_stairs
Shoals:3: layout_shoals, uniq_ilsuiw, uniq_donald
Shoals:4: shoals_end_hellmonk_storm_palace [storm_palace_center_circular,
          storm_palace_corner_altar, storm_palace_corner_blocked,
          storm_palace_corner_narrow, storm_palace_corner_narrow]
Spider:1: layout_spider_delve, ebering_ghost_disaster_area,
          nicolae_spider_baby_got_redback
Spider:2: layout_spider_delve
Spider:3: nicolae_spider_jumping_over_cracks [nicolae_spider_jumping_sub_offset,
          nicolae_spider_jumping_sub_shuffled,
          nicolae_spider_jumping_sub_no_exit, nicolae_spider_jumping_sub_rim],
          nicolae_orb_stairs, uniq_mlioglotl, uniq_arachne
Spider:4: grunt_spider_rune_island, nicolae_spider_circle_web, uniq_agnes,
          uniq_mara, uniq_roxanne
Orc:1:    layout_caves
Orc:2:    st_orc_town, layout_caves

Skill      XL: |  1  2  3  4  5  6  7  8  9 10 11 12 13 14 15 16 17 18 19 |
---------------+----------------------------------------------------------+-----
Dodging        | 3 4 5 6 12 15 16 17 | 17.4
Fighting       | 4 5 6 8 11 12 14 15 16 19 20 | 20.7
Polearms       | 5 6 9 11 13 15 17 20 22 23 24 | 24.0
Armour         | 3 4 5 6 7 8 |  8.8
Throwing       | 4 6 9 11 12 14 16 | 16.0
Evocations     | 4 6 |  6.0
Stealth        | 4 |  4.0

Action                   |  1- 3 |  4- 6 |  7- 9 | 10-12 | 13-15 | 16-18 | 19-21 || total
-------------------------+-------+-------+-------+-------+-------+-------+-------++-------
Melee: Spear             |   111 |   142 |       |       |       |       |       ||   253
       Punch             |       |     3 |       |       |       |       |       ||     3
       Trident           |       |    64 |    49 |       |       |       |       ||   113
       Halberd           |       |       |    61 |       |       |       |       ||    61
       Glaive            |       |       |   173 |   550 |   241 |       |       ||   964
       Tailslap          |       |       |       |     6 |     1 |     8 |     3 ||    18
       Bardiche          |       |       |       |       |   461 |   950 |   127 ||  1538
Throw: Stone             |     1 |     2 |       |    10 |    25 |       |       ||    38
       Boomerang         |       |       |       |       |       |   149 |    31 ||   180
Invok: Berserk           |     1 |     4 |     5 |     5 |     9 |     8 |     2 ||    34
       Trog's Hand       |       |       |     4 |     2 |     5 |     5 |     1 ||    17
       Brothers in Arms  |       |       |       |       |     4 |     1 |       ||     5
 Abil: Evoke Blink       |       |       |       |       |       |       |     1 ||     1
Evoke: Wand              |       |       |       |       |     1 |       |       ||     1
       Tin of tremorston |       |       |       |       |       |     1 |       ||     1
  Use: Scroll            |       |       |    17 |    10 |     8 |     6 |       ||    41
       Potion            |       |       |       |       |     3 |     2 |       ||     5
 Stab: Sleeping          |     1 |       |       |       |       |     2 |       ||     3
       Distracted        |       |       |       |       |     3 |     5 |     1 ||     9
Armor: Leather armour    |    25 |     1 |       |       |       |       |       ||    26
       Animal skin       |     3 |       |       |       |       |       |       ||     3
       Plate armour      |       |    75 |   218 |   141 |   109 |    31 |       ||   574
       Ring mail         |       |       |       |       |    83 |   241 |       ||   324
       Crystal plate arm |       |       |       |       |       |    34 |    60 ||    94
Dodge: Dodged            |    47 |    55 |   144 |   260 |   250 |   448 |    33 ||  1237

Table legend: (Time is in decaauts)
 A = Elapsed time spent in this place.
 B = Non-inter-level travel time spent in this place.
 C = Inter-level travel time spent in this place.
 D = Time resting spent in this place.
 E = Time spent auto-exploring this place.
 F = Levels seen in this place.
 G = Mean time per level.
                   A        B        C        D        E       F      G
               +--------+--------+--------+--------+--------+-----+--------+
         Total |  30186 |  28429 |   1757 |   3062 |  19227 |  36 |  838.5 |
       Dungeon |  12792 |  11925 |    867 |   1320 |   8033 |  15 |  852.8 |
          Lair |   4536 |   4085 |    451 |    177 |   2966 |   5 |  907.2 |
        Shoals |   4534 |   4440 |     94 |    207 |   3708 |   4 | 1133.5 |
   Spider Nest |   3585 |   3367 |    218 |    825 |   1798 |   4 |  896.2 |
  Orcish Mines |   1579 |   1454 |    125 |    167 |    949 |   2 |  789.5 |
         Abyss |    431 |    431 |      0 |     47 |    172 |   2 |  215.5 |
        Bailey |    300 |    300 |      0 |      0 |     49 |   1 |  300.0 |
      Ice Cave |   1612 |   1612 |      0 |    254 |   1205 |   1 | 1612.0 |
       Volcano |    432 |    432 |      0 |      0 |    225 |   1 |  432.0 |
      Gauntlet |    382 |    382 |      0 |     64 |    120 |   1 |  382.0 |
               +--------+--------+--------+--------+--------+-----+--------+

Top non-repeatable levels by time:
   IceCv: 1612 daAuts
Shoals:3: 1553 daAuts
Shoals:1: 1534 daAuts
    D:12: 1303 daAuts
  Lair:5: 1082 daAuts
     D:4: 1032 daAuts
Shoals:2: 1014 daAuts
Spider:2: 1008 daAuts
    D:13: 980 daAuts
     D:6: 964 daAuts
Spider:1: 950 daAuts
  Lair:2: 946 daAuts
Spider:4: 930 daAuts
    D:14: 916 daAuts
  Lair:1: 900 daAuts
